[ AOE2 MATCH · #463191587 ]
UnrankedFranks vs Spanish
[ REPLAY ANALYSIS · EXTRACTED FROM THE RECORDED GAME ]
Feudal
11:28
Castle
15:23
Imperial
30:15
| APM avg | 22.6 |
| APM peak | 76 |
| eAPM avg | 15.5 |
| Villagers / military | 123 / 65 |
Focus
⚔️ 24.9% · 🌾 75.1%
Knight ×58 · Trebuchet (Packed) ×5 · Monk ×2
Feudal
14:25
Castle
19:10
Imperial
33:27
| APM avg | 30.0 |
| APM peak | 100 |
| eAPM avg | 15.5 |
| Villagers / military | 66 / 72 |
Focus
⚔️ 29.6% · 🌾 70.4%
Conquistador ×35 · Scout Cavalry ×30 · Trebuchet (Packed) ×4 · Battering Ram ×2 · Mangonel ×1
Feudal
12:10
Castle
19:55
Imperial
35:12
| APM avg | 18.8 |
| APM peak | 36 |
| eAPM avg | 13.6 |
| Villagers / military | 121 / 50 |
Focus
⚔️ 30.4% · 🌾 69.6%
Scorpion ×34 · Spearman ×6 · Mangonel ×4 · Monk ×3 · Battering Ram ×3
Feudal
14:08
Castle
23:31
Imperial
39:09
| APM avg | 32.2 |
| APM peak | 69 |
| eAPM avg | 18.2 |
| Villagers / military | 111 / 41 |
Focus
⚔️ 18.9% · 🌾 81.1%
Knight ×26 · Spearman ×12 · Fishing Ship ×6 · Mangonel ×2 · Militia ×1
Feudal
—
Castle
—
Imperial
—
| APM avg | 22.4 |
| APM peak | 53 |
| eAPM avg | 16.2 |
| Villagers / military | 113 / 120 |
Focus
⚔️ 15.3% · 🌾 84.7%
Mangudai ×67 · Scout Cavalry ×47 · Trade Cart ×16 · Fishing Ship ×7 · Demolition Raft ×6
Feudal
12:05
Castle
17:24
Imperial
31:09
| APM avg | 29.8 |
| APM peak | 60 |
| eAPM avg | 21.6 |
| Villagers / military | 175 / 107 |
Focus
⚔️ 26.3% · 🌾 73.7%
Knight ×61 · Obuch ×33 · Trebuchet (Packed) ×13
Feudal
12:19
Castle
18:57
Imperial
35:11
| APM avg | 21.7 |
| APM peak | 51 |
| eAPM avg | 15.7 |
| Villagers / military | 131 / 101 |
Focus
⚔️ 20.7% · 🌾 79.3%
Camel Scout ×65 · Skirmisher ×30 · Fishing Ship ×9 · Militia ×2 · Mangonel ×2 · Trebuchet (Packed) ×2
Feudal
12:12
Castle
16:57
Imperial
31:45
| APM avg | 22.9 |
| APM peak | 75 |
| eAPM avg | 17.3 |
| Villagers / military | 170 / 160 |
Focus
⚔️ 21.7% · 🌾 78.3%
Mangudai ×71 · Scout Cavalry ×66 · Mangonel ×21 · Fishing Ship ×19 · Monk ×2
Match map
Initial resources + every placement click. Lines = walls · curves = elevation contours. ◆ gold · ⬟ stone · ● berries · ✦ relic · ◌ wall gap
Your base· ✓ Closed at 15:23 · 0t walls · no gate
BuLuTBeY's base· ✓ Closed at 19:10 · 21t walls · no gate
EULight's base· ✓ Closed at 19:55 · 82t walls · 3 gate(s)
這我沒有但張學友's base· ✓ Closed at 23:31 · 65t walls · 5 gate(s)
Sancochito00's base· ✓ Closed at 15:44 · 3t walls · no gate
cry for yourself's base· ✓ Closed at 17:24 · 18t walls · no gate
GaloDoido's base· ✓ Closed at 18:57 · 7t walls · 1 gate(s)
Adm_416's base· ✓ Closed at 16:57 · 0t walls · no gate
Smoothed initial terrain · ◌ = detected wall gap · hover for details
Inputs per minute
— #14 - - BuLuTBeY
Build order — #14
First 150 of 335 actions detected
| 0:01 | Create | Villager (Male) |
| 0:02 | Create | Villager (Male) |
| 0:03 | Build | House |
| 0:05 | Build | House |
| 0:39 | Create | Villager (Male) |
| 0:39 | Create | Villager (Male) |
| 0:40 | Create | Villager (Male) |
| 1:26 | Create | Villager (Male) |
| 1:26 | Create | Villager (Male) |
| 1:48 | Build | Lumber Camp |
| 2:07 | Create | Villager (Male) |
| 2:08 | Create | Villager (Male) |
| 2:16 | Create | Villager (Male) |
| 2:16 | Create | Villager (Male) |
| 2:59 | Create | Villager (Male) |
| 3:00 | Create | Villager (Male) |
| 3:19 | Create | Villager (Male) |
| 3:54 | Build | House |
| 4:10 | Create | Villager (Male) |
| 4:10 | Create | Villager (Male) |
| 4:10 | Create | Villager (Male) |
| 4:16 | Build | House |
| 4:36 | Build | Mill |
| 5:00 | Create | Villager (Male) |
| 5:00 | Create | Villager (Male) |
| 5:00 | Create | Villager (Male) |
| 5:58 | Create | Villager (Male) |
| 5:58 | Create | Villager (Male) |
| 5:59 | Create | Villager (Male) |
| 6:18 | Create | Villager (Male) |
| 6:28 | Create | Villager (Male) |
| 7:17 | Create | Villager (Male) |
| 7:46 | Create | Villager (Male) |
| 7:47 | Create | Villager (Male) |
| 8:35 | Build | House |
| 8:38 | Create | Villager (Male) |
| 9:14 | Build | Mining Camp |
| 9:16 | Research | Feudal Age |
| 9:42 | Create | Villager (Male) |
| 9:42 | Create | Villager (Male) |
| 9:45 | Create | Villager (Male) |
| 10:58 | Build | Farm |
| 11:02 | Build | Farm |
| 11:05 | Build | Farm |
| 11:28 | Age | Feudal Age |
| 11:30 | Build | Blacksmith |
| 11:37 | Build | Market |
| 11:42 | Build | Farm |
| 11:47 | Build | Farm |
| 12:39 | Build | Barracks |
| 12:40 | Research | Castle Age |
| 12:51 | Build | Farm |
| 12:58 | Research | Double-Bit Axe |
| 13:06 | Build | House |
| 13:33 | Create | Villager (Male) |
| 14:30 | Build | Stable |
| 15:14 | Build | House |
| 15:23 | Age | Castle Age |
| 15:25 | Build | Town Center |
| 15:40 | Build | Town Center |
| 15:42 | Create | Knight |
| 15:48 | Create | Villager (Male) |
| 16:26 | Create | Villager (Male) |
| 16:42 | Create | Villager (Male) |
| 16:46 | Build | House |
| 16:48 | Create | Villager (Male) |
| 17:01 | Build | Farm |
| 17:03 | Research | Bow Saw |
| 17:17 | Build | Farm |
| 17:23 | Build | Farm |
| 17:24 | Create | Villager (Male) |
| 17:25 | Create | Villager (Male) |
| 17:29 | Create | Knight |
| 17:40 | Build | House |
| 17:43 | Create | Villager (Male) |
| 17:43 | Create | Villager (Male) |
| 17:44 | Create | Villager (Male) |
| 17:49 | Build | Farm |
| 17:52 | Build | Farm |
| 18:08 | Create | Villager (Male) |
| 18:12 | Create | Villager (Male) |
| 18:14 | Research | Loom |
| 18:22 | Build | House |
| 18:31 | Create | Villager (Male) |
| 18:31 | Create | Villager (Male) |
| 18:40 | Create | Villager (Male) |
| 18:45 | Build | Farm |
| 19:11 | Create | Villager (Male) |
| 19:12 | Create | Villager (Male) |
| 19:14 | Create | Villager (Male) |
| 19:18 | Build | House |
| 19:20 | Build | House |
| 19:26 | Create | Villager (Male) |
| 19:33 | Build | Monastery |
| 19:41 | Build | Farm |
| 19:48 | Create | Villager (Male) |
| 19:53 | Build | Farm |
| 19:54 | Build | Farm |
| 19:56 | Build | Farm |
| 20:30 | Build | Town Center |
| 20:34 | Build | House |
| 20:36 | Build | House |
| 20:38 | Create | Villager (Male) |
| 20:39 | Create | Villager (Male) |
| 20:40 | Create | Villager (Male) |
| 20:44 | Build | Farm |
| 20:45 | Build | Farm |
| 20:49 | Build | Farm |
| 20:52 | Build | Farm |
| 20:55 | Create | Villager (Male) |
| 20:57 | Create | Villager (Male) |
| 20:57 | Create | Villager (Male) |
| 21:00 | Create | Monk |
| 21:09 | Build | Farm |
| 21:12 | Build | Farm |
| 21:14 | Research | Gold Mining |
| 21:22 | Create | Villager (Male) |
| 21:32 | Build | Farm |
| 21:33 | Build | Farm |
| 21:44 | Create | Villager (Male) |
| 21:46 | Create | Villager (Male) |
| 21:47 | Create | Villager (Male) |
| 21:50 | Build | House |
| 21:52 | Build | House |
| 21:53 | Build | House |
| 21:59 | Create | Monk |
| 22:13 | Create | Villager (Male) |
| 22:16 | Create | Villager (Male) |
| 22:21 | Build | Farm |
| 22:22 | Build | Farm |
| 22:27 | Build | Farm |
| 22:41 | Create | Knight |
| 22:47 | Create | Villager (Male) |
| 22:49 | Research | Wheelbarrow |
| 22:50 | Create | Villager (Male) |
| 23:06 | Create | Villager (Male) |
| 23:07 | Create | Villager (Male) |
| 23:17 | Build | Farm |
| 23:18 | Build | Farm |
| 23:20 | Build | Farm |
| 23:24 | Build | Farm |
| 23:32 | Create | Knight |
| 23:33 | Build | House |
| 23:36 | Build | House |
| 23:37 | Create | Villager (Male) |
| 23:39 | Create | Villager (Male) |
| 23:40 | Create | Villager (Male) |
| 23:55 | Create | Villager (Male) |
| 23:56 | Create | Villager (Male) |
| 23:57 | Create | Villager (Male) |
Build order — BuLuTBeY
First 150 of 263 actions detected
| 0:01 | Create | Villager (Male) |
| 0:01 | Create | Villager (Male) |
| 0:03 | Build | House |
| 0:04 | Build | House |
| 0:05 | Create | Villager (Male) |
| 0:05 | Create | Villager (Male) |
| 0:09 | Research | Loom |
| 0:10 | Create | Villager (Male) |
| 0:10 | Create | Villager (Male) |
| 0:55 | Build | Palisade Wall |
| 1:03 | Create | Villager (Male) |
| 1:39 | Create | Villager (Male) |
| 2:17 | Create | Villager (Male) |
| 2:34 | Build | House |
| 2:56 | Create | Villager (Male) |
| 2:56 | Create | Villager (Male) |
| 3:24 | Build | Palisade Wall |
| 3:50 | Create | Villager (Male) |
| 3:52 | Create | Villager (Male) |
| 4:31 | Create | Villager (Male) |
| 5:08 | Create | Villager (Male) |
| 5:30 | Create | Villager (Male) |
| 5:48 | Create | Villager (Male) |
| 5:50 | Create | Villager (Male) |
| 6:10 | Build | House |
| 6:14 | Create | Villager (Male) |
| 6:47 | Create | Villager (Male) |
| 6:47 | Create | Villager (Male) |
| 8:02 | Create | Villager (Male) |
| 8:03 | Create | Villager (Male) |
| 8:04 | Create | Villager (Male) |
| 8:18 | Build | Lumber Camp |
| 8:27 | Create | Villager (Male) |
| 8:27 | Create | Villager (Male) |
| 8:27 | Create | Villager (Male) |
| 9:03 | Build | House |
| 9:16 | Build | Mill |
| 9:37 | Build | House |
| 9:38 | Create | Villager (Male) |
| 10:14 | Build | Mining Camp |
| 10:27 | Build | House |
| 10:29 | Build | House |
| 10:32 | Build | House |
| 10:35 | Create | Villager (Male) |
| 10:35 | Create | Villager (Male) |
| 10:35 | Create | Villager (Male) |
| 11:08 | Create | Villager (Male) |
| 12:02 | Build | House |
| 12:08 | Research | Feudal Age |
| 12:16 | Build | House |
| 12:18 | Build | House |
| 12:23 | Build | Palisade Wall |
| 12:46 | Build | Mining Camp |
| 12:57 | Build | Farm |
| 13:08 | Build | Farm |
| 13:09 | Build | Farm |
| 13:10 | Build | Farm |
| 13:12 | Build | Farm |
| 13:38 | Build | Farm |
| 13:47 | Build | Farm |
| 14:12 | Create | Villager (Male) |
| 14:13 | Create | Villager (Male) |
| 14:13 | Create | Villager (Male) |
| 14:13 | Create | Villager (Male) |
| 14:25 | Age | Feudal Age |
| 14:28 | Build | Market |
| 15:25 | Build | Blacksmith |
| 15:27 | Build | Farm |
| 15:51 | Create | Villager (Male) |
| 15:59 | Build | Farm |
| 16:04 | Build | Farm |
| 16:15 | Research | Castle Age |
| 16:15 | Research | Castle Age |
| 16:37 | Research | Double-Bit Axe |
| 16:43 | Research | Horse Collar |
| 16:43 | Research | Horse Collar |
| 17:15 | Research | Gold Mining |
| 17:16 | Research | Gold Mining |
| 17:55 | Research | Wheelbarrow |
| 17:55 | Research | Wheelbarrow |
| 18:10 | Build | Farm |
| 18:33 | Build | Farm |
| 18:42 | Build | Farm |
| 19:10 | Age | Castle Age |
| 19:16 | Build | Castle |
| 19:29 | Build | Barracks |
| 19:34 | Create | Villager (Male) |
| 19:34 | Create | Villager (Male) |
| 19:34 | Create | Villager (Male) |
| 19:34 | Create | Villager (Male) |
| 20:13 | Build | Stable |
| 20:20 | Create | Conquistador |
| 20:20 | Create | Conquistador |
| 20:20 | Create | Conquistador |
| 20:20 | Create | Conquistador |
| 20:21 | Create | Conquistador |
| 20:21 | Create | Conquistador |
| 20:26 | Research | Padded Archer Armor |
| 20:26 | Research | Padded Archer Armor |
| 20:51 | Build | Farm |
| 20:52 | Build | Farm |
| 20:56 | Build | Farm |
| 21:18 | Research | Bloodlines |
| 21:18 | Research | Bloodlines |
| 21:18 | Research | Husbandry |
| 21:20 | Create | Conquistador |
| 21:31 | Create | Conquistador |
| 21:41 | Research | Heavy Plow |
| 21:51 | Create | Villager (Male) |
| 21:52 | Create | Villager (Male) |
| 21:55 | Create | Conquistador |
| 21:55 | Create | Conquistador |
| 22:14 | Research | Leather Archer Armor |
| 22:14 | Research | Leather Archer Armor |
| 22:16 | Create | Conquistador |
| 22:33 | Build | Farm |
| 22:35 | Create | Villager (Male) |
| 22:37 | Create | Villager (Male) |
| 22:47 | Research | Bow Saw |
| 22:48 | Research | Bow Saw |
| 22:58 | Build | Farm |
| 23:00 | Create | Villager (Male) |
| 23:04 | Create | Conquistador |
| 23:04 | Create | Conquistador |
| 23:14 | Create | Villager (Male) |
| 23:24 | Build | Farm |
| 23:31 | Build | Farm |
| 23:36 | Build | Farm |
| 23:38 | Build | Farm |
| 23:40 | Create | Villager (Male) |
| 23:55 | Create | Conquistador |
| 23:55 | Create | Conquistador |
| 23:55 | Create | Conquistador |
| 24:14 | Create | Conquistador |
| 24:24 | Create | Villager (Male) |
| 24:24 | Create | Villager (Male) |
| 24:37 | Create | Conquistador |
| 24:48 | Build | Siege Workshop |
| 25:25 | Build | House |
| 25:26 | Build | House |
| 25:26 | Build | House |
| 25:26 | Build | House |
| 25:27 | Create | Mangonel |
| 25:47 | Create | Battering Ram |
| 26:02 | Create | Villager (Male) |
| 26:02 | Create | Villager (Male) |
| 26:02 | Create | Villager (Male) |
| 26:02 | Create | Villager (Male) |
| 26:28 | Create | Battering Ram |
| 26:34 | Create | Conquistador |
Build order — EULight
First 150 of 316 actions detected
| 0:01 | Create | Villager (Male) |
| 0:02 | Create | Villager (Male) |
| 0:02 | Create | Villager (Male) |
| 0:03 | Build | House |
| 0:12 | Build | Palisade Wall |
| 0:13 | Create | Villager (Male) |
| 0:41 | Build | Palisade Wall |
| 1:23 | Build | Palisade Wall |
| 1:24 | Build | Palisade Wall |
| 1:25 | Build | Palisade Wall |
| 1:33 | Create | Villager (Male) |
| 1:47 | Build | House |
| 2:04 | Research | Loom |
| 2:10 | Build | Palisade Wall |
| 2:21 | Create | Villager (Male) |
| 2:32 | Build | Palisade Wall |
| 2:45 | Create | Villager (Male) |
| 3:08 | Build | House |
| 3:21 | Create | Villager (Male) |
| 3:42 | Create | Villager (Male) |
| 3:43 | Create | Villager (Male) |
| 3:47 | Build | House |
| 4:12 | Create | Villager (Male) |
| 4:33 | Create | Villager (Male) |
| 4:33 | Create | Villager (Male) |
| 4:41 | Build | Palisade Wall |
| 4:53 | Build | Palisade Wall |
| 5:36 | Create | Villager (Male) |
| 5:36 | Create | Villager (Male) |
| 5:36 | Create | Villager (Male) |
| 5:46 | Build | Lumber Camp |
| 6:20 | Build | House |
| 6:38 | Build | Mill |
| 7:01 | Create | Villager (Male) |
| 7:01 | Create | Villager (Male) |
| 7:01 | Create | Villager (Male) |
| 7:06 | Build | House |
| 7:14 | Build | House |
| 7:53 | Build | Mining Camp |
| 7:58 | Create | Villager (Male) |
| 8:25 | Create | Villager (Male) |
| 8:34 | Build | Mining Camp |
| 8:50 | Create | Villager (Male) |
| 9:32 | Create | Villager (Male) |
| 10:00 | Research | Feudal Age |
| 11:17 | Build | Palisade Gate |
| 11:42 | Build | Barracks |
| 11:47 | Build | House |
| 12:05 | Build | Mill |
| 12:10 | Age | Feudal Age |
| 12:10 | Build | Farm |
| 12:13 | Build | Farm |
| 12:15 | Research | Double-Bit Axe |
| 12:17 | Research | Horse Collar |
| 12:29 | Build | Stone Wall |
| 12:39 | Create | Villager (Male) |
| 12:39 | Create | Villager (Male) |
| 12:39 | Create | Villager (Male) |
| 12:50 | Build | Farm |
| 12:50 | Build | Farm |
| 13:23 | Build | Farm |
| 13:45 | Build | Stone Wall |
| 13:54 | Create | Villager (Male) |
| 13:55 | Create | Villager (Male) |
| 13:59 | Build | Farm |
| 14:01 | Build | Farm |
| 14:07 | Build | Blacksmith |
| 14:26 | Create | Villager (Male) |
| 14:35 | Build | Farm |
| 14:52 | Build | Stone Wall |
| 14:59 | Create | Villager (Male) |
| 15:10 | Build | Farm |
| 15:16 | Build | Market |
| 15:28 | Create | Villager (Male) |
| 15:40 | Build | Farm |
| 15:44 | Create | Villager (Male) |
| 16:01 | Build | Farm |
| 16:21 | Build | Stone Wall |
| 16:25 | Create | Villager (Male) |
| 16:43 | Create | Villager (Male) |
| 16:46 | Build | Farm |
| 16:54 | Research | Castle Age |
| 17:48 | Build | Gate |
| 17:51 | Build | Stone Wall |
| 17:52 | Build | Stone Wall |
| 18:25 | Build | Gate |
| 18:27 | Build | Stone Wall |
| 18:28 | Build | Stone Wall |
| 18:32 | Create | Villager (Male) |
| 18:43 | Create | Villager (Male) |
| 18:44 | Create | Villager (Male) |
| 18:52 | Research | Fletching |
| 19:01 | Research | Scale Mail Armor |
| 19:03 | Research | Forging |
| 19:07 | Create | Spearman |
| 19:08 | Create | Spearman |
| 19:08 | Create | Spearman |
| 19:20 | Build | Outpost |
| 19:55 | Age | Castle Age |
| 20:01 | Build | Siege Workshop |
| 20:06 | Build | Town Center |
| 20:09 | Research | Bow Saw |
| 20:14 | Build | Town Center |
| 20:26 | Research | Heavy Plow |
| 20:37 | Build | Siege Workshop |
| 20:44 | Research | Chain Mail Armor |
| 20:45 | Research | Iron Casting |
| 20:52 | Build | House |
| 20:53 | Build | House |
| 20:54 | Build | House |
| 20:55 | Build | House |
| 21:00 | Research | Town Watch |
| 21:02 | Create | Villager (Male) |
| 21:24 | Create | Villager (Male) |
| 21:25 | Create | Villager (Male) |
| 21:29 | Create | Battering Ram |
| 21:56 | Create | Spearman |
| 21:56 | Create | Spearman |
| 21:58 | Create | Battering Ram |
| 22:00 | Create | Villager (Male) |
| 22:01 | Create | Villager (Male) |
| 22:05 | Build | Farm |
| 22:19 | Create | Villager (Male) |
| 22:20 | Create | Villager (Male) |
| 22:24 | Build | Farm |
| 22:29 | Build | Farm |
| 22:29 | Build | Farm |
| 22:53 | Create | Villager (Male) |
| 22:53 | Create | Villager (Male) |
| 22:53 | Create | Villager (Male) |
| 22:57 | Build | Farm |
| 22:57 | Build | Farm |
| 23:06 | Build | House |
| 23:07 | Build | House |
| 23:08 | Build | House |
| 23:13 | Create | Villager (Male) |
| 23:13 | Create | Villager (Male) |
| 23:18 | Create | Spearman |
| 23:24 | Create | Villager (Male) |
| 23:24 | Create | Villager (Male) |
| 23:25 | Create | Villager (Male) |
| 23:30 | Build | Farm |
| 23:30 | Build | Farm |
| 23:33 | Create | Villager (Male) |
| 23:45 | Create | Battering Ram |
| 24:22 | Create | Villager (Male) |
| 24:22 | Create | Villager (Male) |
| 24:22 | Create | Villager (Male) |
| 24:23 | Create | Villager (Male) |
| 24:23 | Create | Villager (Male) |
Build order — 這我沒有但張學友
First 150 of 312 actions detected
| 0:02 | Create | Villager (Male) |
| 0:02 | Create | Villager (Male) |
| 0:03 | Build | House |
| 0:17 | Research | Wheelbarrow |
| 0:18 | Create | Villager (Male) |
| 1:24 | Create | Villager (Male) |
| 1:46 | Research | Loom |
| 1:48 | Create | Villager (Male) |
| 2:32 | Build | Palisade Wall |
| 2:34 | Build | Palisade Gate |
| 2:43 | Build | House |
| 2:49 | Create | Villager (Male) |
| 3:23 | Create | Villager (Male) |
| 4:02 | Build | Lumber Camp |
| 4:04 | Create | Villager (Male) |
| 4:52 | Create | Villager (Male) |
| 5:25 | Create | Villager (Male) |
| 5:46 | Build | House |
| 5:58 | Create | Villager (Male) |
| 6:15 | Build | Dock |
| 6:50 | Create | Villager (Male) |
| 7:03 | Create | Fishing Ship |
| 7:21 | Create | Villager (Male) |
| 7:46 | Create | Fishing Ship |
| 7:54 | Create | Villager (Male) |
| 8:22 | Create | Villager (Male) |
| 8:23 | Create | Fishing Ship |
| 8:43 | Build | House |
| 9:20 | Create | Villager (Male) |
| 9:35 | Build | Mill |
| 9:55 | Create | Villager (Male) |
| 9:56 | Create | Villager (Male) |
| 10:37 | Create | Villager (Male) |
| 10:38 | Create | Fishing Ship |
| 10:58 | Build | House |
| 11:05 | Create | Villager (Male) |
| 11:17 | Build | House |
| 11:19 | Build | House |
| 11:58 | Research | Feudal Age |
| 11:58 | Research | Feudal Age |
| 12:20 | Build | Mill |
| 12:52 | Create | Fishing Ship |
| 13:48 | Create | Villager (Male) |
| 14:08 | Age | Feudal Age |
| 14:09 | Build | Palisade Wall |
| 14:11 | Build | Palisade Gate |
| 14:20 | Research | Tech 906 |
| 14:22 | Research | Double-Bit Axe |
| 14:26 | Create | Villager (Male) |
| 14:54 | Create | Villager (Male) |
| 15:10 | Build | Stone Wall |
| 15:11 | Build | Gate |
| 15:29 | Build | Stone Wall |
| 15:31 | Build | Gate |
| 15:33 | Create | Villager (Male) |
| 15:54 | Build | Fish Trap |
| 15:55 | Build | Fish Trap |
| 15:57 | Create | Villager (Male) |
| 16:08 | Build | Fish Trap |
| 16:30 | Build | Stone Wall |
| 16:59 | Create | Villager (Male) |
| 17:01 | Build | Fish Trap |
| 17:15 | Build | Stone Wall |
| 17:16 | Build | Gate |
| 17:27 | Create | Villager (Male) |
| 17:30 | Build | Fish Trap |
| 17:52 | Build | Mining Camp |
| 18:12 | Create | Villager (Male) |
| 18:20 | Build | Lumber Camp |
| 18:37 | Build | Stone Wall |
| 18:49 | Create | Villager (Male) |
| 18:49 | Create | Villager (Male) |
| 18:55 | Build | Mining Camp |
| 19:05 | Build | Stone Wall |
| 19:11 | Research | Gold Mining |
| 19:29 | Build | Blacksmith |
| 19:40 | Create | Villager (Male) |
| 20:00 | Build | Market |
| 20:03 | Create | Villager (Male) |
| 20:09 | Research | Forging |
| 20:33 | Build | Mill |
| 20:51 | Research | Castle Age |
| 20:51 | Research | Castle Age |
| 21:25 | Build | Mining Camp |
| 21:51 | Build | House |
| 21:53 | Build | House |
| 21:54 | Build | House |
| 21:55 | Build | House |
| 21:56 | Build | House |
| 21:57 | Build | House |
| 21:59 | Build | House |
| 22:13 | Build | Barracks |
| 22:42 | Research | Gold Shaft Mining |
| 22:43 | Research | Stone Mining |
| 22:50 | Research | Bow Saw |
| 23:08 | Research | Gillnets |
| 23:13 | Research | Stone Mining |
| 23:31 | Age | Castle Age |
| 23:47 | Create | Villager (Male) |
| 23:47 | Create | Villager (Male) |
| 23:59 | Build | Town Center |
| 24:07 | Create | Villager (Male) |
| 24:16 | Build | Stable |
| 24:22 | Create | Villager (Male) |
| 24:31 | Build | Stable |
| 24:43 | Create | Villager (Male) |
| 24:43 | Create | Villager (Male) |
| 24:50 | Create | Villager (Male) |
| 24:53 | Create | Villager (Male) |
| 25:04 | Create | Fishing Ship |
| 25:21 | Build | Farm |
| 25:22 | Build | Farm |
| 25:23 | Build | Farm |
| 25:24 | Build | Farm |
| 25:28 | Build | Farm |
| 25:39 | Build | Farm |
| 25:40 | Create | Villager (Male) |
| 25:43 | Create | Villager (Male) |
| 25:46 | Build | Stable |
| 25:55 | Create | Knight |
| 25:55 | Create | Knight |
| 25:56 | Research | Husbandry |
| 26:07 | Build | Town Center |
| 26:23 | Create | Villager (Male) |
| 26:23 | Create | Villager (Male) |
| 26:24 | Create | Villager (Male) |
| 26:26 | Build | Fish Trap |
| 26:39 | Research | Cavalier (upgrade) |
| 26:47 | Create | Knight |
| 26:47 | Create | Knight |
| 27:05 | Research | Iron Casting |
| 27:09 | Create | Villager (Male) |
| 27:22 | Create | Villager (Male) |
| 27:24 | Create | Villager (Male) |
| 27:35 | Create | Knight |
| 27:44 | Create | Villager (Male) |
| 27:53 | Create | Villager (Male) |
| 27:54 | Create | Villager (Male) |
| 28:29 | Create | Villager (Male) |
| 28:30 | Create | Villager (Male) |
| 28:30 | Create | Villager (Male) |
| 28:37 | Build | Farm |
| 28:39 | Build | Farm |
| 28:39 | Build | Farm |
| 28:40 | Build | Farm |
| 29:08 | Build | Lumber Camp |
| 29:19 | Build | Farm |
| 29:21 | Build | Farm |
| 29:23 | Research | Horse Collar |
| 29:25 | Create | Villager (Male) |
Build order — Sancochito00
First 150 of 303 actions detected
| 0:02 | Create | Villager (Male) |
| 0:02 | Create | Villager (Male) |
| 0:02 | Create | Villager (Male) |
| 0:04 | Build | House |
| 0:09 | Build | House |
| 0:56 | Create | Villager (Male) |
| 1:26 | Create | Villager (Male) |
| 2:02 | Build | House |
| 2:12 | Create | Villager (Male) |
| 2:22 | Build | House |
| 2:29 | Build | Palisade Wall |
| 2:32 | Create | Villager (Male) |
| 3:08 | Create | Villager (Male) |
| 3:22 | Build | Lumber Camp |
| 3:29 | Create | Villager (Male) |
| 3:46 | Create | Villager (Male) |
| 4:01 | Create | Villager (Male) |
| 4:35 | Create | Villager (Male) |
| 5:29 | Build | House |
| 5:33 | Create | Villager (Male) |
| 5:34 | Create | Villager (Male) |
| 5:34 | Create | Villager (Male) |
| 5:46 | Build | Mill |
| 5:49 | Create | Villager (Male) |
| 6:09 | Create | Villager (Male) |
| 6:34 | Create | Villager (Male) |
| 7:19 | Build | Dock |
| 7:35 | Create | Villager (Male) |
| 7:55 | Create | Villager (Male) |
| 8:09 | Build | Mining Camp |
| 8:14 | Research | Feudal Age |
| 8:40 | Create | Fishing Ship |
| 8:42 | Create | Fishing Ship |
| 9:23 | Create | Fishing Ship |
| 9:31 | Build | Farm |
| 9:51 | Build | House |
| 9:55 | Build | Farm |
| 9:59 | Build | Farm |
| 10:15 | Create | Fishing Ship |
| 10:18 | Create | Villager (Male) |
| 10:18 | Create | Villager (Male) |
| 10:21 | Build | House |
| 10:45 | Build | House |
| 11:11 | Build | Market |
| 11:26 | Build | Mill |
| 11:38 | Create | Villager (Male) |
| 11:42 | Create | Demolition Raft |
| 11:47 | Create | Fishing Ship |
| 11:49 | Create | Villager (Male) |
| 12:08 | Build | Blacksmith |
| 12:18 | Create | Villager (Male) |
| 12:55 | Build | Farm |
| 13:01 | Create | Villager (Male) |
| 13:09 | Build | Farm |
| 13:13 | Build | Farm |
| 13:38 | Create | Villager (Male) |
| 13:43 | Research | Loom |
| 14:33 | Create | Villager (Male) |
| 14:42 | Create | Villager (Male) |
| 15:14 | Create | Villager (Male) |
| 15:44 | Research | Castle Age |
| 16:05 | Build | Mining Camp |
| 16:21 | Build | House |
| 16:24 | Build | House |
| 16:34 | Build | Fish Trap |
| 16:37 | Build | Fish Trap |
| 16:41 | Build | Fish Trap |
| 16:44 | Build | Fish Trap |
| 16:47 | Build | Fish Trap |
| 16:48 | Create | Demolition Raft |
| 16:54 | Create | Demolition Raft |
| 16:58 | Create | Demolition Raft |
| 17:05 | Create | Demolition Raft |
| 17:09 | Create | Fishing Ship |
| 17:13 | Create | Villager (Male) |
| 17:37 | Build | House |
| 17:39 | Build | House |
| 17:39 | Build | House |
| 17:40 | Build | House |
| 17:40 | Build | House |
| 18:02 | Build | Fish Trap |
| 18:05 | Create | Demolition Raft |
| 18:08 | Create | Fishing Ship |
| 18:34 | Create | Villager (Male) |
| 18:45 | Build | Castle |
| 18:54 | Create | Villager (Male) |
| 19:04 | Build | Town Center |
| 19:12 | Build | Fish Trap |
| 19:15 | Create | Villager (Male) |
| 19:39 | Build | House |
| 19:55 | Create | Villager (Male) |
| 20:16 | Create | Villager (Male) |
| 20:24 | Build | House |
| 20:35 | Create | Villager (Male) |
| 20:41 | Create | Villager (Male) |
| 20:41 | Create | Villager (Male) |
| 20:42 | Create | Villager (Male) |
| 20:50 | Create | Villager (Male) |
| 21:10 | Build | Town Center |
| 21:11 | Create | Villager (Male) |
| 21:15 | Build | House |
| 21:16 | Build | House |
| 21:48 | Create | Villager (Male) |
| 21:52 | Create | Villager (Male) |
| 21:52 | Create | Villager (Male) |
| 21:53 | Create | Villager (Male) |
| 21:54 | Create | Villager (Male) |
| 22:36 | Create | Villager (Male) |
| 22:39 | Create | Villager (Male) |
| 22:41 | Create | Villager (Male) |
| 22:43 | Build | House |
| 22:45 | Build | House |
| 22:46 | Build | House |
| 22:56 | Create | Villager (Male) |
| 22:56 | Create | Villager (Male) |
| 22:56 | Create | Villager (Male) |
| 22:57 | Create | Villager (Male) |
| 22:57 | Create | Villager (Male) |
| 22:58 | Create | Villager (Male) |
| 22:58 | Create | Villager (Male) |
| 22:59 | Create | Villager (Male) |
| 23:05 | Create | Mangudai |
| 23:05 | Create | Mangudai |
| 23:11 | Create | Villager (Male) |
| 23:11 | Create | Villager (Male) |
| 23:17 | Create | Villager (Male) |
| 23:27 | Create | Villager (Male) |
| 23:40 | Build | Town Center |
| 23:53 | Create | Trade Cart |
| 23:57 | Create | Trade Cart ×4 |
| 23:57 | Create | Trade Cart ×4 |
| 23:58 | Create | Villager (Male) |
| 23:58 | Create | Villager (Male) |
| 24:10 | Create | Villager (Male) |
| 24:18 | Build | Farm |
| 24:18 | Build | Farm |
| 24:18 | Build | Farm |
| 24:18 | Build | Farm |
| 24:19 | Build | Farm |
| 24:19 | Build | Farm |
| 24:19 | Build | Farm |
| 24:20 | Build | Farm |
| 24:20 | Build | Farm |
| 24:29 | Build | House |
| 24:30 | Build | House |
| 24:31 | Build | House |
| 24:31 | Build | House |
| 24:31 | Build | House |
| 24:44 | Create | Villager (Male) |
| 24:45 | Create | Villager (Male) |
Build order — cry for yourself
First 150 of 436 actions detected
| 0:03 | Create | Villager (Male) |
| 0:03 | Create | Villager (Male) |
| 0:03 | Create | Villager (Male) |
| 0:03 | Create | Villager (Male) |
| 0:06 | Build | House |
| 0:08 | Build | House |
| 0:46 | Research | Loom |
| 0:55 | Build | Palisade Wall |
| 1:03 | Create | Villager (Male) |
| 1:04 | Create | Villager (Male) |
| 1:26 | Build | Lumber Camp |
| 2:12 | Create | Villager (Male) |
| 2:12 | Create | Villager (Male) |
| 2:12 | Create | Villager (Male) |
| 2:50 | Create | Villager (Male) |
| 2:50 | Create | Villager (Male) |
| 3:23 | Create | Villager (Male) |
| 3:23 | Create | Villager (Male) |
| 3:24 | Create | Villager (Male) |
| 3:48 | Create | Villager (Male) |
| 3:48 | Create | Villager (Male) |
| 3:49 | Create | Villager (Male) |
| 4:33 | Create | Villager (Male) |
| 4:33 | Create | Villager (Male) |
| 4:40 | Build | House |
| 5:18 | Build | Palisade Wall |
| 5:25 | Create | Villager (Male) |
| 5:26 | Create | Villager (Male) |
| 5:26 | Create | Villager (Male) |
| 5:35 | Create | Villager (Male) |
| 5:36 | Create | Villager (Male) |
| 5:36 | Create | Villager (Male) |
| 6:34 | Create | Villager (Male) |
| 6:47 | Build | Mill |
| 6:54 | Create | Villager (Male) |
| 7:12 | Build | Mill |
| 7:19 | Create | Villager (Male) |
| 7:45 | Create | Villager (Male) |
| 8:17 | Create | Villager (Male) |
| 8:31 | Create | Villager (Male) |
| 9:55 | Research | Feudal Age |
| 9:56 | Research | Feudal Age |
| 11:01 | Build | Mining Camp |
| 12:05 | Age | Feudal Age |
| 12:06 | Create | Villager (Male) |
| 12:06 | Create | Villager (Male) |
| 12:07 | Create | Villager (Male) |
| 12:13 | Build | Market |
| 12:17 | Build | Blacksmith |
| 12:30 | Create | Villager (Male) |
| 12:53 | Build | Stone Wall |
| 13:12 | Research | Horse Collar |
| 13:13 | Create | Villager (Male) |
| 13:46 | Build | House |
| 13:47 | Build | House |
| 14:16 | Create | Villager (Male) |
| 14:44 | Research | Castle Age |
| 15:06 | Research | Double-Bit Axe |
| 17:22 | Create | Villager (Male) |
| 17:22 | Create | Villager (Male) |
| 17:23 | Create | Villager (Male) |
| 17:24 | Age | Castle Age |
| 17:25 | Research | Heavy Plow |
| 17:29 | Build | Town Center |
| 17:41 | Build | Town Center |
| 18:02 | Research | Bow Saw |
| 18:27 | Create | Villager (Male) |
| 18:37 | Create | Villager (Male) |
| 18:37 | Create | Villager (Male) |
| 18:37 | Create | Villager (Male) |
| 18:46 | Build | Farm |
| 18:46 | Build | Farm |
| 18:49 | Build | Farm |
| 19:02 | Create | Villager (Male) |
| 19:13 | Create | Villager (Male) |
| 19:20 | Build | Farm |
| 19:21 | Build | Farm |
| 19:22 | Build | Farm |
| 19:28 | Create | Villager (Male) |
| 19:28 | Create | Villager (Male) |
| 19:34 | Create | Villager (Male) |
| 19:41 | Build | Farm |
| 19:42 | Create | Villager (Male) |
| 19:42 | Create | Villager (Male) |
| 19:42 | Create | Villager (Male) |
| 19:47 | Create | Villager (Male) |
| 19:47 | Create | Villager (Male) |
| 19:51 | Build | Farm |
| 20:00 | Create | Villager (Male) |
| 20:00 | Create | Villager (Male) |
| 20:05 | Build | Farm |
| 20:22 | Build | Castle |
| 20:32 | Build | Stone Wall |
| 20:35 | Create | Villager (Male) |
| 20:35 | Create | Villager (Male) |
| 20:35 | Create | Villager (Male) |
| 20:36 | Create | Villager (Male) |
| 20:36 | Create | Villager (Male) |
| 20:40 | Build | Farm |
| 20:41 | Build | Farm |
| 20:45 | Build | Farm |
| 20:49 | Create | Villager (Male) |
| 20:49 | Create | Villager (Male) |
| 20:49 | Create | Villager (Male) |
| 21:11 | Create | Villager (Male) |
| 21:11 | Create | Villager (Male) |
| 21:11 | Create | Villager (Male) |
| 21:19 | Build | Farm |
| 21:21 | Build | Farm |
| 21:23 | Create | Villager (Male) |
| 21:23 | Create | Villager (Male) |
| 21:46 | Build | Lumber Camp |
| 21:48 | Create | Villager (Male) |
| 21:48 | Create | Villager (Male) |
| 21:48 | Create | Villager (Male) |
| 21:49 | Create | Villager (Male) |
| 22:01 | Create | Villager (Male) |
| 22:02 | Create | Villager (Male) |
| 22:06 | Create | Villager (Male) |
| 22:13 | Build | Mill |
| 22:17 | Create | Villager (Male) |
| 22:17 | Create | Villager (Male) |
| 22:18 | Create | Villager (Male) |
| 22:32 | Build | Mill |
| 22:34 | Create | Villager (Male) |
| 22:34 | Create | Villager (Male) |
| 22:40 | Create | Villager (Male) |
| 22:40 | Create | Villager (Male) |
| 22:44 | Build | Farm |
| 22:44 | Build | Farm |
| 22:46 | Build | Farm |
| 22:48 | Create | Villager (Male) |
| 22:48 | Create | Villager (Male) |
| 22:57 | Create | Villager (Male) |
| 22:57 | Create | Villager (Male) |
| 23:06 | Build | Stone Wall |
| 23:08 | Create | Villager (Male) |
| 23:09 | Create | Villager (Male) |
| 23:15 | Build | Farm |
| 23:16 | Build | Farm |
| 23:18 | Build | Farm |
| 23:19 | Build | Farm |
| 23:22 | Build | Farm |
| 23:24 | Create | Villager (Male) |
| 23:24 | Create | Villager (Male) |
| 23:26 | Create | Villager (Male) |
| 23:27 | Create | Villager (Male) |
| 23:27 | Create | Villager (Male) |
| 23:42 | Build | Stone Wall |
| 23:45 | Build | Stone Wall |
Build order — GaloDoido
First 150 of 328 actions detected
| 0:03 | Build | House |
| 0:05 | Build | House |
| 0:17 | Create | Villager (Male) |
| 0:17 | Create | Villager (Male) |
| 0:18 | Create | Villager (Male) |
| 0:41 | Create | Villager (Male) |
| 0:41 | Create | Villager (Male) |
| 0:41 | Create | Villager (Male) |
| 1:33 | Create | Villager (Male) |
| 1:33 | Create | Villager (Male) |
| 1:34 | Create | Villager (Male) |
| 2:18 | Create | Villager (Male) |
| 2:18 | Create | Villager (Male) |
| 2:18 | Create | Villager (Male) |
| 2:31 | Create | Villager (Male) |
| 2:32 | Create | Villager (Male) |
| 2:52 | Create | Villager (Male) |
| 2:52 | Create | Villager (Male) |
| 2:52 | Create | Villager (Male) |
| 3:08 | Create | Villager (Male) |
| 3:08 | Create | Villager (Male) |
| 3:20 | Build | Lumber Camp |
| 3:58 | Create | Villager (Male) |
| 3:58 | Create | Villager (Male) |
| 3:58 | Create | Villager (Male) |
| 5:08 | Build | House |
| 5:11 | Research | Loom |
| 5:13 | Create | Villager (Male) |
| 5:14 | Create | Villager (Male) |
| 5:33 | Build | House |
| 6:22 | Build | House |
| 6:27 | Create | Villager (Male) |
| 6:41 | Build | Dock |
| 6:46 | Create | Villager (Male) |
| 7:12 | Create | Villager (Male) |
| 7:12 | Create | Villager (Male) |
| 7:49 | Create | Fishing Ship |
| 7:54 | Create | Villager (Male) |
| 8:11 | Create | Fishing Ship |
| 8:36 | Build | Mill |
| 8:40 | Create | Villager (Male) |
| 8:43 | Create | Villager (Male) |
| 8:46 | Create | Fishing Ship |
| 9:08 | Build | Mill |
| 9:11 | Create | Villager (Male) |
| 9:19 | Create | Fishing Ship |
| 9:39 | Build | House |
| 9:45 | Create | Villager (Male) |
| 9:48 | Create | Fishing Ship |
| 10:07 | Research | Feudal Age |
| 10:28 | Create | Fishing Ship |
| 10:44 | Build | Mining Camp |
| 10:54 | Create | Villager (Male) |
| 10:55 | Create | Villager (Male) |
| 11:09 | Build | House |
| 11:43 | Create | Fishing Ship |
| 12:19 | Age | Feudal Age |
| 13:03 | Create | Villager (Male) |
| 13:14 | Create | Villager (Male) |
| 13:25 | Build | Fish Trap |
| 13:31 | Build | Fish Trap |
| 13:35 | Build | Fish Trap |
| 13:38 | Build | House |
| 13:43 | Build | Fish Trap |
| 13:46 | Build | Fish Trap |
| 13:49 | Build | Fish Trap |
| 13:51 | Create | Villager (Male) |
| 13:58 | Create | Villager (Male) |
| 14:24 | Build | Fish Trap |
| 14:54 | Create | Villager (Male) |
| 14:55 | Create | Villager (Male) |
| 15:03 | Build | Blacksmith |
| 15:18 | Create | Villager (Male) |
| 15:39 | Build | Market |
| 16:08 | Create | Villager (Male) |
| 16:22 | Research | Double-Bit Axe |
| 16:26 | Research | Castle Age |
| 16:29 | Research | Horse Collar |
| 16:48 | Build | Mining Camp |
| 18:01 | Build | Gate |
| 18:06 | Build | Stone Wall |
| 18:09 | Build | Stone Wall |
| 18:24 | Create | Villager (Male) |
| 18:57 | Age | Castle Age |
| 18:59 | Build | Town Center |
| 19:11 | Create | Villager (Male) |
| 19:12 | Create | Villager (Male) |
| 19:19 | Build | House |
| 19:23 | Build | Town Center |
| 19:32 | Build | Farm |
| 19:35 | Create | Villager (Male) |
| 19:38 | Build | Farm |
| 19:43 | Create | Fishing Ship |
| 19:55 | Build | Town Center |
| 20:14 | Create | Villager (Male) |
| 20:28 | Build | Farm |
| 20:28 | Build | Farm |
| 20:29 | Build | Farm |
| 20:41 | Build | Fish Trap |
| 20:49 | Create | Fishing Ship |
| 20:50 | Create | Villager (Male) |
| 20:56 | Build | House |
| 20:58 | Build | House |
| 21:00 | Build | House |
| 21:01 | Build | House |
| 21:18 | Create | Villager (Male) |
| 21:18 | Create | Villager (Male) |
| 21:18 | Create | Villager (Male) |
| 21:19 | Create | Villager (Male) |
| 21:20 | Create | Villager (Male) |
| 21:26 | Create | Villager (Male) |
| 21:26 | Create | Villager (Male) |
| 21:30 | Build | Farm |
| 21:35 | Create | Villager (Male) |
| 21:52 | Build | House |
| 21:58 | Build | Fish Trap |
| 22:02 | Create | Villager (Male) |
| 22:03 | Create | Villager (Male) |
| 22:03 | Create | Villager (Male) |
| 22:03 | Create | Villager (Male) |
| 22:03 | Create | Villager (Male) |
| 22:11 | Create | Villager (Male) |
| 22:17 | Build | Farm |
| 22:18 | Build | Farm |
| 22:18 | Build | Farm |
| 22:19 | Build | Farm |
| 22:20 | Build | Farm |
| 22:21 | Build | Farm |
| 22:22 | Build | Farm |
| 22:22 | Build | Farm |
| 22:25 | Build | Farm |
| 22:33 | Create | Villager (Male) |
| 22:33 | Create | Villager (Male) |
| 22:33 | Create | Villager (Male) |
| 22:33 | Create | Villager (Male) |
| 22:34 | Create | Villager (Male) |
| 22:35 | Create | Villager (Male) |
| 22:39 | Create | Villager (Male) |
| 22:39 | Create | Villager (Male) |
| 22:39 | Create | Villager (Male) |
| 22:39 | Create | Villager (Male) |
| 22:39 | Create | Villager (Male) |
| 22:40 | Create | Villager (Male) |
| 22:40 | Create | Villager (Male) |
| 22:40 | Create | Villager (Male) |
| 22:47 | Build | House |
| 23:16 | Build | Fish Trap |
| 23:22 | Build | Fish Trap |
| 23:59 | Create | Villager (Male) |
| 23:59 | Create | Villager (Male) |
Build order — Adm_416
First 150 of 428 actions detected
| 0:02 | Create | Villager (Male) |
| 0:02 | Create | Villager (Male) |
| 0:02 | Create | Villager (Male) |
| 0:05 | Build | House |
| 0:08 | Build | House |
| 0:35 | Create | Villager (Male) |
| 1:14 | Research | Loom |
| 1:14 | Research | Loom |
| 1:39 | Create | Villager (Male) |
| 1:39 | Create | Villager (Male) |
| 1:40 | Create | Villager (Male) |
| 2:09 | Create | Villager (Male) |
| 2:09 | Create | Villager (Male) |
| 2:21 | Create | Villager (Male) |
| 2:21 | Create | Villager (Male) |
| 2:22 | Create | Villager (Male) |
| 3:04 | Create | Villager (Male) |
| 3:04 | Create | Villager (Male) |
| 3:04 | Create | Villager (Male) |
| 3:17 | Create | Villager (Male) |
| 3:18 | Create | Villager (Male) |
| 3:18 | Create | Villager (Male) |
| 3:44 | Build | Mill |
| 4:04 | Create | Villager (Male) |
| 4:04 | Create | Villager (Male) |
| 4:04 | Create | Villager (Male) |
| 4:09 | Build | House |
| 4:11 | Build | House |
| 4:43 | Create | Villager (Male) |
| 4:44 | Create | Villager (Male) |
| 4:44 | Create | Villager (Male) |
| 4:44 | Create | Villager (Male) |
| 4:44 | Create | Villager (Male) |
| 5:09 | Create | Villager (Male) |
| 5:09 | Create | Villager (Male) |
| 5:09 | Create | Villager (Male) |
| 5:38 | Create | Villager (Male) |
| 5:38 | Create | Villager (Male) |
| 5:39 | Create | Villager (Male) |
| 5:39 | Create | Villager (Male) |
| 5:39 | Create | Villager (Male) |
| 6:16 | Create | Villager (Male) |
| 6:16 | Create | Villager (Male) |
| 6:16 | Create | Villager (Male) |
| 6:16 | Create | Villager (Male) |
| 6:39 | Build | Lumber Camp |
| 6:43 | Create | Villager (Male) |
| 6:43 | Create | Villager (Male) |
| 6:44 | Create | Villager (Male) |
| 7:01 | Create | Villager (Male) |
| 7:01 | Create | Villager (Male) |
| 7:01 | Create | Villager (Male) |
| 7:26 | Create | Villager (Male) |
| 7:26 | Create | Villager (Male) |
| 7:32 | Build | Mill |
| 7:41 | Build | House |
| 7:52 | Create | Villager (Male) |
| 7:53 | Create | Villager (Male) |
| 8:24 | Build | Mill |
| 8:32 | Create | Villager (Male) |
| 9:20 | Build | Lumber Camp |
| 9:41 | Research | Feudal Age |
| 9:41 | Research | Feudal Age |
| 10:05 | Build | Mining Camp |
| 10:40 | Create | Villager (Male) |
| 10:52 | Build | Dock |
| 11:01 | Create | Villager (Male) |
| 11:45 | Create | Fishing Ship |
| 11:45 | Create | Fishing Ship |
| 11:45 | Create | Fishing Ship |
| 11:46 | Create | Fishing Ship |
| 12:00 | Build | House |
| 12:02 | Build | House |
| 12:12 | Age | Feudal Age |
| 12:20 | Research | Double-Bit Axe |
| 12:21 | Research | Double-Bit Axe |
| 12:26 | Research | Wheelbarrow |
| 12:26 | Research | Wheelbarrow |
| 12:27 | Research | Wheelbarrow |
| 12:53 | Create | Villager (Male) |
| 13:09 | Build | Market |
| 13:40 | Build | Blacksmith |
| 13:45 | Create | Fishing Ship |
| 13:46 | Create | Fishing Ship |
| 13:46 | Create | Fishing Ship |
| 14:12 | Research | Castle Age |
| 14:12 | Research | Castle Age |
| 14:12 | Research | Castle Age |
| 14:13 | Research | Castle Age |
| 14:24 | Build | Mining Camp |
| 14:42 | Create | Villager (Male) |
| 14:57 | Build | Dock |
| 15:07 | Research | Tech 906 |
| 15:11 | Create | Fishing Ship |
| 15:12 | Create | Fishing Ship |
| 15:12 | Create | Fishing Ship |
| 15:25 | Create | Fishing Ship |
| 15:25 | Create | Fishing Ship |
| 15:41 | Create | Fishing Ship |
| 15:47 | Create | Fishing Ship |
| 15:56 | Build | House |
| 15:59 | Build | House |
| 16:01 | Build | House |
| 16:57 | Age | Castle Age |
| 17:01 | Build | Town Center |
| 17:04 | Create | Villager (Male) |
| 17:19 | Build | Town Center |
| 17:27 | Create | Villager (Male) |
| 17:28 | Create | Villager (Male) |
| 17:37 | Research | Bow Saw |
| 17:37 | Research | Bow Saw |
| 17:59 | Build | Fish Trap |
| 18:04 | Create | Villager (Male) |
| 18:04 | Create | Villager (Male) |
| 18:14 | Build | Fish Trap |
| 18:18 | Create | Villager (Male) |
| 18:35 | Build | Fish Trap |
| 18:38 | Create | Villager (Male) |
| 18:39 | Create | Villager (Male) |
| 18:46 | Create | Villager (Male) |
| 18:46 | Create | Villager (Male) |
| 18:53 | Build | Fish Trap |
| 19:00 | Build | Fish Trap |
| 19:05 | Build | Fish Trap |
| 19:07 | Create | Villager (Male) |
| 19:08 | Create | Villager (Male) |
| 19:08 | Create | Villager (Male) |
| 19:31 | Create | Fishing Ship |
| 19:31 | Create | Fishing Ship |
| 19:31 | Create | Fishing Ship |
| 19:31 | Create | Fishing Ship |
| 19:32 | Create | Fishing Ship |
| 19:40 | Create | Villager (Male) |
| 19:40 | Create | Villager (Male) |
| 19:40 | Create | Villager (Male) |
| 19:41 | Create | Villager (Male) |
| 19:45 | Build | Fish Trap |
| 19:49 | Build | Fish Trap |
| 20:17 | Research | Horse Collar |
| 20:17 | Research | Horse Collar |
| 20:23 | Build | Fish Trap |
| 20:27 | Build | Fish Trap |
| 20:40 | Research | Heavy Plow |
| 20:40 | Research | Heavy Plow |
| 20:40 | Research | Heavy Plow |
| 21:02 | Build | Fish Trap |
| 21:05 | Build | Fish Trap |
| 21:13 | Build | Farm |
| 21:16 | Build | Farm |
| 21:17 | Create | Villager (Male) |
Match timeline
| 0:12 | EULight · wall_segment Palisade Wall x8 |
| 0:41 | EULight · wall_segment Palisade Wall x11 |
| 0:55 | BuLuTBeY · wall_segment Palisade Wall x11 |
| 0:55 | cry for yourself · wall_segment Palisade Wall x9 |
| 1:23 | EULight · wall_segment Palisade Wall x1 |
| 1:24 | EULight · wall_segment Palisade Wall x1 |
| 1:25 | EULight · wall_segment Palisade Wall x1 |
| 2:10 | EULight · wall_segment Palisade Wall x3 |
| 2:29 | Sancochito00 · wall_segment Palisade Wall x3 |
| 2:32 | EULight · wall_segment Palisade Wall x1 |
| 2:32 | 這我沒有但張學友 · wall_segment Palisade Wall x10 |
| 3:24 | BuLuTBeY · wall_segment Palisade Wall x9 |
| 4:41 | EULight · wall_segment Palisade Wall x5 |
| 4:53 | EULight · wall_segment Palisade Wall x9 |
| 5:18 | cry for yourself · wall_segment Palisade Wall x1 |
| 6:15 | 這我沒有但張學友 · first_building Dock |
| 6:41 | GaloDoido · first_building Dock |
| 7:19 | Sancochito00 · first_building Dock |
| 10:52 | Adm_416 · first_building Dock |
| 11:28 | #14 · age_up feudal |
| 11:42 | EULight · first_building Barracks |
| 12:05 | cry for yourself · age_up feudal |
| 12:10 | EULight · age_up feudal |
| 12:12 | Adm_416 · age_up feudal |
| 12:19 | GaloDoido · age_up feudal |
| 12:23 | BuLuTBeY · wall_segment Palisade Wall x1 |
| 12:29 | EULight · wall_segment Stone Wall x9 |
| 12:39 | #14 · first_building Barracks |
| 12:53 | cry for yourself · wall_segment Stone Wall x8 |
| 13:45 | EULight · wall_segment Stone Wall x6 |
| 14:08 | Adm_416 · first_market_sell 100 wood |
| 14:08 | 這我沒有但張學友 · age_up feudal |
| 14:09 | cry for yourself · first_market_sell 100 wood |
| 14:09 | 這我沒有但張學友 · wall_segment Palisade Wall x9 |
| 14:25 | BuLuTBeY · age_up feudal |
| 14:30 | #14 · first_building Stable |
| 14:52 | EULight · wall_segment Stone Wall x14 |
| 15:10 | 這我沒有但張學友 · wall_segment Stone Wall x7 |
| 15:23 | #14 · age_up castle |
| 15:29 | 這我沒有但張學友 · wall_segment Stone Wall x14 |
| 16:21 | EULight · wall_segment Stone Wall x7 |
| 16:30 | 這我沒有但張學友 · wall_segment Stone Wall x8 |
| 16:52 | EULight · first_market_buy 100 food |
| 16:57 | Adm_416 · age_up castle |
| 17:15 | 這我沒有但張學友 · wall_segment Stone Wall x10 |
| 17:24 | cry for yourself · age_up castle |
| 17:51 | EULight · wall_segment Stone Wall x1 |
| 17:52 | EULight · wall_segment Stone Wall x1 |
| 18:06 | GaloDoido · wall_segment Stone Wall x4 |
| 18:09 | GaloDoido · wall_segment Stone Wall x3 |
| 18:24 | Sancochito00 · first_market_buy 100 stone |
| 18:26 | Sancochito00 · first_market_sell 100 food |
| 18:27 | EULight · wall_segment Stone Wall x4 |
| 18:28 | EULight · wall_segment Stone Wall x4 |
| 18:37 | 這我沒有但張學友 · wall_segment Stone Wall x6 |
| 18:45 | Sancochito00 · first_building Castle |
| 18:57 | GaloDoido · age_up castle |
| 19:05 | 這我沒有但張學友 · wall_segment Stone Wall x7 |
| 19:10 | BuLuTBeY · age_up castle |
| 19:16 | BuLuTBeY · first_building Castle |
| 19:29 | BuLuTBeY · first_building Barracks |
| 19:33 | #14 · first_building Monastery |
| 19:55 | EULight · age_up castle |
| 20:01 | EULight · first_building Siege Workshop |
| 20:13 | BuLuTBeY · first_building Stable |
| 20:15 | Adm_416 · first_market_buy 100 food |
| 20:22 | cry for yourself · first_building Castle |
| 20:32 | cry for yourself · wall_segment Stone Wall x9 |
| 22:13 | 這我沒有但張學友 · first_building Barracks |
| 22:43 | BuLuTBeY · first_market_buy 100 food |
| 23:06 | cry for yourself · wall_segment Stone Wall x3 |
| 23:31 | 這我沒有但張學友 · age_up castle |
| 23:42 | cry for yourself · wall_segment Stone Wall x4 |
| 23:45 | cry for yourself · wall_segment Stone Wall x4 |
| 23:54 | Adm_416 · first_building Monastery |
| 24:16 | 這我沒有但張學友 · first_building Stable |
| 24:22 | GaloDoido · first_building Barracks |
| 24:33 | Adm_416 · first_building Castle |
| 24:48 | BuLuTBeY · first_building Siege Workshop |
| 24:53 | EULight · first_building Monastery |
| 25:35 | GaloDoido · first_building Archery Range |
| 25:53 | Adm_416 · first_building Siege Workshop |
| 26:24 | EULight · wall_segment Stone Wall x6 |
| 26:30 | 這我沒有但張學友 · first_market_buy 100 food |
| 26:44 | EULight · wall_segment Stone Wall x8 |
| 26:54 | 這我沒有但張學友 · first_market_sell 100 wood |
| 26:57 | EULight · wall_segment Stone Wall x5 |
| 27:00 | EULight · wall_segment Stone Wall x1 |
| 27:03 | EULight · wall_segment Stone Wall x1 |
| 27:04 | EULight · wall_segment Stone Wall x1 |
| 27:05 | EULight · wall_segment Stone Wall x1 |
| 27:06 | GaloDoido · first_building Castle |
| 27:08 | Sancochito00 · first_building Barracks |
| 27:10 | Adm_416 · first_building Barracks |
| 27:55 | Sancochito00 · wall_segment Stone Wall x3 |
| 27:57 | Sancochito00 · wall_segment Stone Wall x5 |
| 28:21 | Adm_416 · first_building Stable |
| 28:28 | cry for yourself · first_building Barracks |
| 28:32 | Sancochito00 · first_building Stable |
| 28:46 | GaloDoido · first_building Siege Workshop |
| 29:09 | GaloDoido · first_building Stable |
| 29:13 | cry for yourself · first_building Stable |
| 29:16 | EULight · wall_segment Stone Wall x9 |
| 29:45 | Adm_416 · first_building Archery Range |
| 30:15 | #14 · age_up imperial |
| 30:24 | #14 · first_building Castle |
| 31:04 | 這我沒有但張學友 · first_building Siege Workshop |
| 31:09 | cry for yourself · age_up imperial |
| 31:45 | Adm_416 · age_up imperial |
| 31:45 | EULight · first_building Castle |
| 31:55 | EULight · first_market_sell 100 wood |
| 32:23 | #14 · first_building Siege Workshop |
| 33:27 | BuLuTBeY · age_up imperial |
| 33:43 | 這我沒有但張學友 · first_building Castle |
| 33:49 | BuLuTBeY · first_market_sell 100 stone |
| 34:11 | 這我沒有但張學友 · first_building Archery Range |
| 35:11 | GaloDoido · age_up imperial |
| 35:12 | EULight · age_up imperial |
| 38:20 | #14 · resign |
| 39:09 | 這我沒有但張學友 · age_up imperial |
[ AI ANALYSIS · 1 CREDIT ]
What really happened in this match?
Wolo.gg analyzes every decision: build order, eco, micro, common mistakes by bracket. Personalized analysis on WhatsApp or Discord in 30 seconds.
Civ guide
Franks
Perfil
Jugador #3161021